 Dungeon Crawl Stone Soup version 0.31-a0-1405-g2bb1a01664 (webtiles) character file.

Game seed: 14214274822386676769

422 grandjackal the Ducker (level 6, -11/49 HPs)
             Began as a Demonspawn Gladiator on Dec 25, 2023.
             Mangled by a gnoll
             ... wielding a +2 whip of electrocution
              (16 damage)
             ... on level 4 of the Dungeon.
             The game lasted 00:04:33 (3348 turns).

grandjackal the Ducker (Demonspawn Gladiator)       Turns: 3348, Time: 00:04:33

Health: -11/49     AC:  6    Str: 14    XL:     6   Next: 63%
Magic:  6/6        EV: 12    Int: 11    God:
Gold:   228        SH:  0    Dex: 16    Spells: 5/5 levels left

rFire   . . .        a - +0 long sword
rCold   . . .        (no shield)
rNeg    . . .        k - +0 ring mail
rPois   .            c - +0 helmet
rElec   .            (no cloak)
rCorr   +            (no gloves)
SInv    .            (no boots)
Will    .....        (no amulet)
Stlth   +            j - ring of resist corrosion
HPRegen 0.28/turn    (no ring)
MPRegen 0.10/turn

%: no passive effects
@: no status effects
A: demonic guardian 2, big brain 1, weakness stinger 1
a: no special abilities


You were on level 4 of the Dungeon.
You visited 1 branch of the dungeon, and saw 4 of its levels.
You also visited: Sewer.

You collected 228 gold pieces.

Inventory:

Hand Weapons
 a - a +0 long sword (weapon)
 p - a +1 dagger of venom
Missiles
 d - 3 throwing nets (quivered)
 e - a javelin
Armour
 c - a +0 helmet (worn)
 k - a +0 ring mail (worn)
Jewellery
 b - a ring of magical power
 j - a ring of resist corrosion (left hand)
Scrolls
 f - a scroll of fog {unknown}
 g - a scroll of immolation
 h - a scroll of identify {unknown}
 i - a scroll of blinking {unknown}
 m - a scroll of torment {unknown}
 n - a scroll of fear {unknown}
 q - a scroll of poison {unknown}
 y - a scroll of enchant armour {unknown}
 B - a scroll of teleportation {unknown}
Potions
 l - a potion of heal wounds {unknown}
 o - a potion of degeneration {unknown}
 r - 2 potions of might {unknown}
 s - a potion of curing {unknown}
 t - a potion of attraction {unknown}
 u - 2 potions of enlightenment {unknown}
 v - 2 potions of haste {unknown}
 w - a potion of ambrosia {unknown}
 x - 2 potions of resistance {unknown}
 z - a potion of brilliance {unknown}
 A - a potion of cancellation {unknown}


   Skills:
 + Level 4.4 Fighting
 + Level 4.4 Long Blades
 - Level 2.0 Throwing
 + Level 4.4 Dodging


You had 5 spell levels left.
You didn't know any spells.
Your spell library contained the following spells:

 Spells                   Type           Power      Damage    Failure   Level
 Sting                    Conj/Alch      0%         1d3       58%         1
 Summon Small Mammal      Summ           0%         N/A       58%         1
 Mercury Vapours          Alch/Air       0%         N/A       73%         2
 Static Discharge         Conj/Air       0%         3-3/arc   73%         2
 Call Canine Familiar     Summ           0%         N/A       91%         3
 Summon Guardian Golem    Hex/Summ       0%         N/A       91%         3
 Airstrike                Air            0%         2d(0-16)  100%        4
 Olgreb's Toxic Radiance  Alch           0%         N/A       100%        4
 Summon Lightning Spire   Summ/Air       0%         N/A       100%        4


Dungeon Overview and Level Annotations

Branches:
Dungeon (4/15)              Sewer (visited)
 Temple: D:4-7

Altars:
Qazlal


Innate Abilities, Weirdness & Mutations

A demonic guardian rushes to your aid.
You have an unusually large brain. (Int +2)
You have a small tail.


Message History

A gnoll comes into view. It is wielding a +0 whip.
The gnoll shouts!
A gnoll comes into view.
It is wielding a +2 whip of electrocution.
The gnoll hits you but does no damage.
You hit the gnoll.
The gnoll is moderately wounded.
A gnoll comes into view. It is wielding a +0 halberd.
The gnoll shouts!
You slash the gnoll!
The gnoll is severely wounded.
The gnoll hits you but does no damage.
You slash the gnoll!
You kill the gnoll!
The gnoll hits you with a +2 whip of electrocution.
The gnoll hits you from afar with a +0 halberd.
The gnoll attacks as it pursues you! The gnoll hits you but does no damage.
The gnoll attacks as it pursues you! The gnoll closely misses you.
The gnoll attacks as it pursues you!
The gnoll hits you with a +2 whip of electrocution.
The gnoll attacks as it pursues you! The gnoll closely misses you.
You hit the gnoll.
The gnoll is lightly wounded.
The gnoll hits you but does no damage.
The gnoll hits you from afar with a +0 halberd.
You hit the gnoll. You tail-slap the gnoll.
The gnoll is moderately wounded.
The gnoll hits you with a +2 whip of electrocution.
The gnoll closely misses you.
You hit the gnoll.
Your tail-slap misses the gnoll.
The gnoll is heavily wounded.
The gnoll hits you with a +2 whip of electrocution.
The gnoll hits you from afar with a +0 halberd!
* * * LOW HITPOINT WARNING * * *
The gnoll hits you with a +2 whip of electrocution.
* * * LOW HITPOINT WARNING * * *
The gnoll attacks as it pursues you!
The gnoll hits you with a +2 whip of electrocution.
* * * LOW HITPOINT WARNING * * *
A demonic guardian appears!
You are electrocuted!
You die...

.###.#.....## #.### #...
...)........## #.#.## #.#.
.###.........###....##########...
...'.........+...................
.###.........###(...##########...
.# ##.......## #.#.## ###. .#
##........ #4### ## .#
##...####.#.# ## .# #..## #@## #.
.######..# #g.# #. .........<.
##.# #. .######. #.# #g# ##. ...#
..# #g# #.. ##.# ... #.# #.# ##.#
#g# #.# #.. ##.# #.###.##.# ###
...# #....g...#


You could see 3 gnolls and a friendly orange demon (summoned).

Vanquished Creatures
  2 kobold brigands (Sewer)
  2 hounds (D:4)
  An orc wizard (D:4)
  A gnoll (D:4)
  9 adders
  4 worms
  A dart slug (D:4)
  3 orcs (D:4)
  9 ball pythons
  7 endoplasms
  3 giant cockroaches
  5 goblins
  4 hobgoblins
  16 kobolds
  4 quokkas
  7 bats
  2 frilled lizards
  11 rats
91 creatures vanquished.

Vanquished Creatures (collateral kills)
  An adder (D:3)
  A worm (D:4)
  2 orcs (D:4)
  A frilled lizard (D:4)
  A kobold (D:3)
  A rat (D:4)
7 creatures vanquished.

Grand Total: 98 creatures vanquished

Notes
Turn   | Place    | Note
-------+----------+-------------------------------------------
     0 | D:1      | grandjackal the Demonspawn Gladiator began the quest for
                  | the Orb.
     0 | D:1      | Reached XP level 1. HP: 16/16 MP: 1/1
   187 | D:1      | Gained mutation: A weak demonic guardian rushes to your
                  | aid. [demonic ancestry]
   187 | D:1      | Reached XP level 2. HP: 22/22 MP: 2/2
   301 | D:1      | Found a faded altar of an unknown god.
   658 | D:2      | Gained mutation: You have an unusually large brain. (Int
                  | +2) [demonic ancestry]
   658 | D:2      | Reached XP level 3. HP: 16/28 MP: 3/3
   944 | D:2      | Found a stormy altar of Qazlal.
  1359 | D:3      | Gained mutation: A demonic guardian rushes to your aid.
                  | [demonic ancestry]
  1359 | D:3      | Reached XP level 4. HP: 32/35 MP: 4/4
  1991 | D:4      | Gained mutation: You have a small tail. [demonic ancestry]
  1991 | D:4      | Reached XP level 5. HP: 10/41 MP: 5/5
  2284 | D:4      | Found a glowing drain.
  2300 | Sewer    | Entered a sewer
  2541 | Sewer    | Reached XP level 6. HP: 43/48 MP: 6/6
  3348 | D:4      | Mangled by a gnoll

Illustrated notes

Levels and vault maps discovered:
D:1:      psy_arrival_fountain, layout_basic, hellmonk_ecumenical_altar_run_dry
D:2:      layout_basic, basic_altar, minmay_quantized
D:3:      layout_basic, elyvilon_altar_4, minmay_misc_feat_four_crosses
D:4:      layout_loops_corners, mainiacjoe_sewer_entry_somewhere_in_here_2

Skill      XL: |  1  2  3  4  5 |
---------------+----------------+-----
Throwing       | 2 |  2.0
Long Blades    | 3 4 |  4.4
Dodging        | 3 4 |  4.4
Fighting       | 3 4 |  4.4

Action                     |  1- 3 |  4- 6 || total
---------------------------+-------+-------++-------
  Melee: Long sword        |   120 |   198 ||   318
         Punch             |     1 |     1 ||     2
         Tailslap          |       |    13 ||    13
    Use: Scroll            |       |     1 ||     1
 Armour: Leather armour    |    19 |       ||    19
         Ring mail         |    53 |   153 ||   206
  Dodge: Dodged            |    86 |   126 ||   212

Table legend: (Time is in decaauts)
 A = Elapsed time spent in this place.
 B = Non-inter-level travel time spent in this place.
 C = Inter-level travel time spent in this place.
 D = Time resting spent in this place.
 E = Time spent auto-exploring this place.
 F = Levels seen in this place.
 G = Mean time per level.
                   A        B        C        D        E       F      G
               +--------+--------+--------+--------+--------+-----+--------+
         Total |   3507 |   3476 |     31 |    234 |   2205 |   5 |  701.4 |
       Dungeon |   3003 |   2972 |     31 |    151 |   2045 |   4 |  750.8 |
         Sewer |    503 |    503 |      0 |     83 |    160 |   1 |  503.0 |
               +--------+--------+--------+--------+--------+-----+--------+

Top non-repeatable levels by time:
     D:4: 1180 daAuts
     D:2: 715 daAuts
     D:1: 555 daAuts
     D:3: 552 daAuts
   Sewer: 503 daAuts
